Map: Submarine LE

Players

A.I. 1 (Very Easy) - Winner!

  • Race: Zerg Zerg
  • Spawn Location: 5:00

ployha

  • Race: Zerg Zerg
  • League: Diamond
  • Spawn Location: 11:00

VOD

Have the link to the VOD?

Description

Time

  • Played on: Nov. 5, 2020, 5:20 a.m.
  • Length: 7:48
Show
View Real Time Build Order
Export as new Build Order

A.I. 1 (Very Easy) Zerg - Winner!

Build Orders: Hatch First 

Get SALT Encoding   

  12  0:01  Drone  
  13  0:12  Overlord  
  13  0:16  Drone  
  14  0:41  Hatchery  
  13  0:45  Drone  
  14  1:03  Spawning Pool  
  13  1:04  Extractor  
  13  1:07  Drone  
  13  1:14  Drone  
  14  1:19  Overlord  
  14  1:50  Zergling x2  
  14  1:51  Queen  
  14  1:52  Zergling x2  
  18  2:01  Roach Warren  
  18  2:05  Drone  
  18  2:10  Extractor  
  18  2:13  Drone  
  18  2:18  Zergling x2  
  19  2:23  Drone  
  20  2:30  Drone  
  21  2:37  Drone  
  22  2:44  Drone  
  23  2:51  Drone  
  24  2:58  Drone  
  25  3:06  Drone  
  25  3:10  Roach  
  25  3:11  Overlord  
  28  3:16  Drone  
  29  3:23  Drone  
  30  3:31  Drone  
  31  3:38  Drone  
  32  3:45  Overlord  
  32  3:48  Drone  
  33  3:54  Lair  
  33  3:55  Drone  
  34  4:02  Roach  
  36  4:05  Drone  
  37  4:12  Drone  
  35  4:19  Drone  
  34  4:26  Drone  
  35  4:33  Drone  
  36  4:40  Drone  
  37  4:48  Drone, Extractor  
  37  4:49  Overlord  
  37  4:53  Overseer  
  37  4:54  Roach  
  37  4:55  Overseer, Drone  
  40  5:02  Drone  
  41  5:09  Drone, Extractor  
  41  5:16  Drone  
  42  5:24  Drone  
  43  5:31  Drone  
  44  5:38  Drone  
  45  5:45  Drone  
  45  5:47  Roach  
  48  6:39  Zergling x2  
Show
View Real Time Build Order
Export as new Build Order

ployha Zerg 

Build Orders: Hatch First 

Get SALT Encoding   

  12  0:00  Drone  
  13  0:12  Overlord  
  13  0:16  Drone  
  14  0:31  Drone x2  
  16  0:49  Hatchery  
  15  0:52  Drone  
  15  0:55  Drone  
  17  0:58  Drone  
  18  1:10  Extractor  
  17  1:15  Spawning Pool  
  17  1:17  Drone  
  17  1:21  Drone  
  18  1:28  Drone  
  19  1:38  Overlord  
  19  1:49  Drone  
  20  2:01  Zergling x4, Queen x2  
  26  2:11  Drone x2  
  26  2:14  Metabolic Boost  
  28  2:21  Drone  
  28  2:22  Drone  
  30  2:32  Overlord  
  30  2:34  Drone  
  31  2:38  Queen  
  33  2:44  Drone, Overlord  
  34  2:55  Drone x2  
  36  3:05  Drone x2  
  37  3:10  Hatchery  
  37  3:13  Drone x3  
  37  3:17  Drone x2  
  42  3:20  Overlord  
  42  3:24  Zergling x2  
  42  3:25  Zergling x2  
  44  3:33  Zergling x2  
  45  3:37  Zergling x2  
  46  3:46  Drone x5  
  46  3:47  Overlord x2  
  51  3:48  Extractor x2  
  51  3:49  Drone  
  51  3:55  Queen  
  50  4:01  Drone x2  
  54  4:06  Evolution Chamber  
  54  4:07  Evolution Chamber  
  54  4:09  Drone  
  53  4:13  Drone x4  
  55  4:22  Drone x3  
  55  4:24  Drone x2  
  60  4:29  Spore Crawler  
  59  4:32  Zerg Melee Weapons Level 1  
  59  4:33  Zerg Ground Armor Level 1  
  59  4:36  Queen  
  61  4:42  Drone x2, Overlord  
  63  4:51  Lair  
  63  4:52  Drone x3  
  66  4:58  Overlord x2  
  67  5:00  Drone  
  67  5:07  Drone x2  
  69  5:09  Drone x4  
  69  5:13  Drone x2  
  75  5:19  Drone x4  
  79  5:26  Zergling x14  
  79  5:28  Overlord  
  86  5:31  Extractor  
  86  5:33  Extractor, Overlord  
  84  5:36  Drone  
  84  5:39  Zergling x2  
  84  5:40  Baneling Nest  
  85  5:46  Zergling x6, Spore Crawler  
  85  5:47  Zergling x4  
  85  5:49  Overlord  
  89  5:50  Zergling x6  
  92  5:57  Zergling x2  
  92  5:58  Zergling x6  
  96  6:04  Zergling x4  
  98  6:13  Hydralisk Den  
  98  6:15  Infestation Pit  
  98  6:17  Zergling x2  
  98  6:18  Zergling x12  
  103  6:23  Centrifical Hooks  
  103  6:25  Baneling x13  
  103  6:26  Baneling x8  
  103  6:27  Zergling x6  
  106  6:37  Baneling x5  
  106  6:43  Zergling x12, Extractor  
  106  6:46  Zergling x2  
  106  6:47  Zergling x6  
  115  7:04  Zergling x8  
  115  7:05  Zergling x8  
  123  7:13  Hatchery  
  123  7:14  Zergling x4  
  124  7:16  Zergling x6  
  124  7:17  Overlord  
  124  7:18  Overlord  
  124  7:19  Overlord  
  124  7:21  Overlord  
  127  7:23  Overlord  
  127  7:31  Zergling x2  
Tags
 
League
Diamond
Matchup
ZvZ
Race
Zerg
Spawn Locations
Cross Positions
Add a new tag
Caveats
  • Supply blocks, unpowered buildings, or Contaminate may cause inaccurate times.
  • Supply counts are checked every 10 seconds.